| TOP OF THE 1ST |
|
Seattle Mariners batting - Pitching for Boston Red Sox : RHP Jeremy Hernandez
|
|
Pitching: RHP Jeremy Hernandez
|
|
|
Batting: LHB Dae-ik Yoon
|
0-0: Ball 1-0: Foul Ball, location: 2F 1-1: Ground out 4-3 (Groundball, 4, EV 86.2 MPH)
|
|
Batting: RHB Jose Vasquez
|
0-0: Ground out 1-3 (Groundball, 13, EV 67.5 MPH)
|
|
Batting: SHB Floyd-William Goof
|
0-0: Ball 1-0: Ball 2-0: Swinging Strike 2-1: Swinging Strike 2-2: Strikes out swinging
|
| Top of the 1st over - 0 runs, 0 hits, 0 errors, 0 left on base; Seattle 0 - Boston 0 |
| BOTTOM OF THE 1ST |
|
Boston Red Sox batting - Pitching for Seattle Mariners : RHP Tom Graham
|
|
Pitching: RHP Tom Graham
|
|
|
Batting: RHB Alois Wollf
|
0-0: Ball 1-0: Swinging Strike 1-1: Called Strike 1-2: Ball 2-2: Ground out 5-3 (Groundball, 56, EV 105.6 MPH)
|
|
Batting: LHB Shoichi Aso
|
0-0: Fly out, F8 (Flyball, 8RM, EV 84.4 MPH)
|
|
Batting: LHB Kevin McCormic Jr.
|
0-0: Ball 1-0: Ball 2-0: Ball 3-0: Called Strike 3-1: Base on Balls
|
|
Batting: RHB David Price Jr.
|
0-0: Called Strike 0-1: Ball 1-1: Foul Ball, location: 2F 1-2: Foul Ball, location: 2F 1-2: Ground out 4-3 (Groundball, 4S, EV 68.1 MPH)
|
| Bottom of the 1st over - 0 runs, 0 hits, 0 errors, 1 left on base; Seattle 0 - Boston 0 |
| TOP OF THE 2ND |
|
Seattle Mariners batting - Pitching for Boston Red Sox : RHP Jeremy Hernandez
|
|
Batting: RHB Steve Jordan
|
0-0: Ball 1-0: Ball 2-0: Ball 3-0: Called Strike 3-1: Base on Balls
|
|
Batting: SHB Robbie Rogers
|
0-0: Foul Ball, location: 2F 0-1: Swinging Strike 0-2: Strikes out swinging
|
|
Batting: RHB Tony Vargas
|
0-0: Called Strike 0-1: Called Strike 0-2: Ball 1-2: Strikes out swinging
|
|
Batting: RHB Harutomi Matsubara
|
0-0: Called Strike 0-1: Ball 1-1: Called Strike 1-2: Foul Ball, location: 2F 1-2: Strikes out swinging
|
| Top of the 2nd over - 0 runs, 0 hits, 0 errors, 1 left on base; Seattle 0 - Boston 0 |
| BOTTOM OF THE 2ND |
|
Boston Red Sox batting - Pitching for Seattle Mariners : RHP Tom Graham
|
|
Batting: LHB Jarrett Mordecai
|
0-0: Ball 1-0: Ball 2-0: Called Strike 2-1: Ball 3-1: Base on Balls
|
|
Batting: RHB Nick Esteves
|
0-0: Foul Ball, location: 2F 0-1: Ball 1-1: Fly out, F4 (Line Drive, 4D, EV 65.0 MPH)
|
|
Batting: LHB Zack Guillen
|
0-0: Foul Ball, location: 2F 0-1: Called Strike 0-2: Foul Ball, location: 2F 0-2: Ball 1-2: Ball 2-2: Grounds into double play, 4-6-3 (Groundball, 4, EV 87.5 MPH)
|
| Bottom of the 2nd over - 0 runs, 0 hits, 0 errors, 0 left on base; Seattle 0 - Boston 0 |
| TOP OF THE 3RD |
|
Seattle Mariners batting - Pitching for Boston Red Sox : RHP Jeremy Hernandez
|
|
Batting: RHB Corey Ottinger
|
0-0: Called Strike 0-1: Swinging Strike 0-2: Strikes out swinging
|
|
Batting: RHB Malik Brookshire
|
0-0: DOUBLE (Line Drive, 7LS, EV 89.4 MPH)
|
|
Batting: LHB Dae-ik Yoon
|
0-0: Swinging Strike 0-1: Fly out, F9 (Line Drive, 89M, EV 85.0 MPH)
|
|
Batting: RHB Jose Vasquez
|
0-0: Called Strike 0-1: Ball 1-1: SINGLE (Line Drive, 6MD, EV 96.2 MPH) Malik Brookshire to third Runner from 3rd tries for Home, SAFE, throw by CF to home Jose Vasquez to second
|
|
Batting: SHB Floyd-William Goof
|
0-0: Ball 1-0: Ball 2-0: Ball 3-0: Foul Ball, location: 2F 3-1: Called Strike 3-2: Foul Ball, location: 2F 3-2: Foul Ball, location: 2F 3-2: Strikes out swinging
|
| Top of the 3rd over - 1 run, 2 hits, 0 errors, 1 left on base; Seattle 1 - Boston 0 |
| BOTTOM OF THE 3RD |
|
Boston Red Sox batting - Pitching for Seattle Mariners : RHP Tom Graham
|
|
Batting: SHB Greg Shaw
|
0-0: Called Strike 0-1: Ball 1-1: Fly out, F9 (Line Drive, 9, EV 89.4 MPH)
|
|
Batting: LHB Tim Fuller
|
0-0: Called Strike 0-1: Ball 1-1: Swinging Strike 1-2: SINGLE (Line Drive, 34, EV 105.6 MPH)
|
|
Batting: RHB Alois Wollf
|
0-0: Called Strike 0-1: Ball 1-1: Swinging Strike 1-2: Fielders Choice at 2nd, 4-6 (Groundball, 34, EV 89.4 MPH)
|
|
Batting: LHB Shoichi Aso
|
0-0: Swinging Strike 0-1: Fielders Choice at 2nd, 5-4 (Groundball, 6, EV 83.8 MPH)
|
| Bottom of the 3rd over - 0 runs, 1 hit, 0 errors, 1 left on base; Seattle 1 - Boston 0 |
| TOP OF THE 4TH |
|
Seattle Mariners batting - Pitching for Boston Red Sox : RHP Jeremy Hernandez
|
|
Batting: RHB Steve Jordan
|
0-0: Ball 1-0: Foul Ball, location: 2F 1-1: Foul Ball, location: 2F 1-2: Ball 2-2: Foul Ball, location: 2F 2-2: Foul Ball, location: 2F 2-2: Foul Ball, location: 2F 2-2: SINGLE (Groundball, 34D, EV 106.2 MPH)
|
|
Batting: SHB Robbie Rogers
|
0-0: Fielders Choice at 2nd, 4-6 (Groundball, 4M, EV 111.9 MPH)
|
|
Batting: RHB Tony Vargas
|
0-0: Foul Ball, location: 2F 0-1: Grounds out, U3 (Groundball, 3L, EV 100.6 MPH)
|
|
Batting: RHB Harutomi Matsubara
|
0-0: SINGLE (Groundball, 4D, EV 98.8 MPH) Robbie Rogers to third Runner from 3rd tries for Home, SAFE, throw by CF to home Harutomi Matsubara to second
|
|
Batting: RHB Corey Ottinger
|
0-0: Ball 1-0: Called Strike 1-1: Called Strike 1-2: Foul Ball, location: 2F 1-2: Ball 2-2: Ground out U3 (Groundball, 34, EV 81.9 MPH)
|
| Top of the 4th over - 1 run, 2 hits, 0 errors, 1 left on base; Seattle 2 - Boston 0 |
| BOTTOM OF THE 4TH |
|
Boston Red Sox batting - Pitching for Seattle Mariners : RHP Tom Graham
|
|
Batting: LHB Kevin McCormic Jr.
|
0-0: Called Strike 0-1: Ball 1-1: Ball 2-1: Ball 3-1: Base on Balls
|
|
Batting: RHB David Price Jr.
|
0-0: Ball 1-0: Grounds into double play, 4-6-3 (Groundball, 4MD, EV 102.5 MPH)
|
|
Batting: LHB Jarrett Mordecai
|
0-0: Called Strike 0-1: Ball 1-1: Ball 2-1: Ball 3-1: Called Strike 3-2: Foul Ball, location: 2F 3-2: Fly out, F9 (Line Drive, 9, EV 98.8 MPH)
|
| Bottom of the 4th over - 0 runs, 0 hits, 0 errors, 0 left on base; Seattle 2 - Boston 0 |
| TOP OF THE 5TH |
|
Seattle Mariners batting - Pitching for Boston Red Sox : RHP Jeremy Hernandez
|
|
Batting: RHB Malik Brookshire
|
0-0: Called Strike 0-1: Foul Ball, location: 2F 0-2: Strikes out swinging
|
|
Batting: LHB Dae-ik Yoon
|
0-0: Foul Ball, location: 2F 0-1: Ball 1-1: Ground out 6-3 (Groundball, 6, EV 91.2 MPH)
|
|
Batting: RHB Jose Vasquez
|
0-0: Foul Ball, location: 2F 0-1: Foul Ball, location: 2F 0-2: Foul Ball, location: 2F 0-2: Strikes out swinging
|
| Top of the 5th over - 0 runs, 0 hits, 0 errors, 0 left on base; Seattle 2 - Boston 0 |
| BOTTOM OF THE 5TH |
|
Boston Red Sox batting - Pitching for Seattle Mariners : RHP Tom Graham
|
|
Pitching: RHP Kyle Ridgeway
|
|
|
Batting: RHB Nick Esteves
|
0-0: Swinging Strike 0-1: SINGLE (Groundball, 34D, EV 106.2 MPH)
|
|
Batting: LHB Zack Guillen
|
0-0: Called Strike 0-1: Ball 1-1: Swinging Strike 1-2: Foul Ball, location: 2F 1-2: Foul Ball, location: 2F 1-2: Fielders Choice at 2nd, 4-6 (Groundball, 3, EV 86.2 MPH)
|
|
Batting: SHB Greg Shaw
|
0-0: Ball 1-0: Called Strike Zack Guillen is caught stealing 2nd base 2-6 1-1: Ground out 4-3 (Groundball, 4, EV 80.6 MPH)
|
| Bottom of the 5th over - 0 runs, 1 hit, 0 errors, 0 left on base; Seattle 2 - Boston 0 |
| TOP OF THE 6TH |
|
Seattle Mariners batting - Pitching for Boston Red Sox : RHP Jeremy Hernandez
|
|
Batting: SHB Floyd-William Goof
|
0-0: Ball 1-0: Called Strike 1-1: Ball 2-1: Ball 3-1: SINGLE (Groundball, 6D, EV 98.8 MPH)
|
|
Batting: RHB Steve Jordan
|
0-0: Called Strike 0-1: Fly out, F8 (Flyball, 89M, EV 88.1 MPH)
|
|
Batting: SHB Robbie Rogers
|
0-0: Called Strike Floyd-William Goof is caught stealing 2nd base 2-6 0-1: SINGLE (Groundball, 34S, EV 68.8 MPH) (infield hit)
|
|
Batting: RHB Tony Vargas
|
0-0: Called Strike 0-1: Ball 1-1: Swinging Strike 1-2: Foul Ball, location: 2F 1-2: Ball 2-2: Ball 3-2: Foul Ball, location: 2F 3-2: Foul Ball, location: 2F 3-2: Foul Ball, location: 2F 3-2: Foul Ball, location: 2F 3-2: Foul Ball, location: 2F 3-2: Base on Balls Robbie Rogers to second
|
|
Batting: RHB Harutomi Matsubara
|
0-0: Ball 1-0: Called Strike 1-1: Foul Ball, location: 2F 1-2: Ball 2-2: Fly out, F7 (Flyball, 7LM, EV 94.4 MPH)
|
| Top of the 6th over - 0 runs, 2 hits, 0 errors, 2 left on base; Seattle 2 - Boston 0 |
| BOTTOM OF THE 6TH |
|
Boston Red Sox batting - Pitching for Seattle Mariners : RHP Kyle Ridgeway
|
|
Batting: LHB Tim Fuller
|
0-0: Ball 1-0: SINGLE (Flyball, 8LS, EV 84.4 MPH)
|
|
Batting: RHB Alois Wollf
|
0-0: Called Strike 0-1: Called Strike 0-2: Ball 1-2: Foul Ball, location: 2F 1-2: Ball 2-2: 2-RUN HOME RUN (Flyball, 78XD, EV 107.5 MPH), Distance : 449 ft
|
|
Batting: LHB Shoichi Aso
|
0-0: Ball 1-0: Called Strike 1-1: Foul Ball, location: 2F 1-2: Foul Ball, location: 2F 1-2: Ball 2-2: Strikes out swinging
|
|
Batting: LHB Kevin McCormic Jr.
|
0-0: Ball 1-0: Called Strike 1-1: Ball 2-1: Called Strike 2-2: Ball 3-2: Base on Balls
|
|
Pitching: LHP Lance Crumpton
|
|
|
Batting: RHB David Price Jr.
|
0-0: Ball 1-0: Called Strike 1-1: Fly out, F9 (Line Drive, 9S, EV 92.5 MPH)
|
|
Pinch Hitting: SHB Marvin Lawrence
|
0-0: Ground out 4-3 (Groundball, 6MD, EV 105.0 MPH)
|
| Bottom of the 6th over - 2 runs, 2 hits, 0 errors, 1 left on base; Seattle 2 - Boston 2 |
| BOTTOM OF THE 7TH |
|
Boston Red Sox batting - Pitching for Seattle Mariners : LHP Lance Crumpton
|
|
Batting: RHB Nick Esteves
|
0-0: Called Strike 0-1: Swinging Strike 0-2: Ball 1-2: Ground out U3 (Groundball, 3, EV 97.5 MPH)
|
|
Batting: RHB Roberto Morales
|
0-0: Ball 1-0: Swinging Strike 1-1: Swinging Strike 1-2: Strikes out looking
|
|
Batting: SHB Greg Shaw
|
0-0: Called Strike 0-1: Ball 1-1: Called Strike 1-2: DOUBLE (Line Drive, 9LD, EV 107.5 MPH)
|
|
Pinch Hitting: RHB Josh Froyd
|
0-0: Foul Ball, location: 2F 0-1: Ball 1-1: Ball 2-1: Foul Ball, location: 2F 2-2: DOUBLE (Line Drive, 5D, EV 99.4 MPH) Greg Shaw scores
|
|
Batting: RHB Alois Wollf
|
0-0: Called Strike 0-1: Ground out 6-3 (Groundball, 6, EV 102.5 MPH)
|
| Bottom of the 7th over - 1 run, 2 hits, 0 errors, 1 left on base; Seattle 3 - Boston 3 |
| TOP OF THE 8TH |
|
Seattle Mariners batting - Pitching for Boston Red Sox : RHP Billy Fitzgerald
|
|
Now at 2B: Alois Wollf
|
|
|
Now at SS: Josh Froyd
|
|
|
Batting: RHB Steve Jordan
|
0-0: Swinging Strike 0-1: Foul Ball, location: 2F 0-2: Foul Ball, location: 2F 0-2: Ball 1-2: Fly out, F8 (Flyball, 8RD, EV 99.4 MPH)
|
|
Batting: SHB Robbie Rogers
|
0-0: SINGLE (Line Drive, 78S, EV 84.4 MPH)
|
|
Batting: RHB Tony Vargas
|
0-0: Called Strike Robbie Rogers steals 2nd base 0-1: Swinging Strike 0-2: Ball 1-2: Strikes out swinging
|
|
Batting: RHB Harutomi Matsubara
|
0-0: Called Strike 0-1: Ball 1-1: Foul Ball, location: 2F 1-2: Strikes out swinging
|
| Top of the 8th over - 0 runs, 1 hit, 0 errors, 1 left on base; Seattle 3 - Boston 3 |
| BOTTOM OF THE 8TH |
|
Boston Red Sox batting - Pitching for Seattle Mariners : LHP Lance Crumpton
|
|
Pinch Hitting: RHB Joe Sandoval
|
0-0: Called Strike 0-1: Ball 1-1: Swinging Strike 1-2: Strikes out swinging
|
|
Batting: LHB Kevin McCormic Jr.
|
0-0: Called Strike 0-1: Ball 1-1: Ball 2-1: Foul Ball, location: 2F 2-2: Strikes out looking
|
|
Batting: RHB David Price Jr.
|
0-0: Ball 1-0: Foul Ball, location: 2F 1-1: SINGLE (Line Drive, 78S, EV 95.0 MPH)
|
|
Batting: SHB Marvin Lawrence
|
0-0: Ball 1-0: Foul Ball, location: 2F 1-1: Foul Ball, location: 2F 1-2: Ball 2-2: Ball 3-2: Strikes out swinging
|
| Bottom of the 8th over - 0 runs, 1 hit, 0 errors, 1 left on base; Seattle 3 - Boston 3 |
| TOP OF THE 9TH |
|
Seattle Mariners batting - Pitching for Boston Red Sox : RHP Billy Fitzgerald
|
|
Pitching: RHP Guadalupe Vasguez
|
|
|
Now in RF: Joe Sandoval
|
|
|
Batting: RHB Corey Ottinger
|
0-0: Swinging Strike 0-1: Ball 1-1: Ball 2-1: Foul Ball, location: 2F 2-2: Foul Ball, location: 2F 2-2: Ball 3-2: Base on Balls
|
|
Batting: RHB Malik Brookshire
|
0-0: Bunted foul 0-1: Bunted foul 0-2: Ball 1-2: Foul Ball, location: 2F 1-2: Ball 2-2: Ball 3-2: Foul Ball, location: 2F 3-2: Base on Balls Corey Ottinger to second
|
|
Batting: LHB Dae-ik Yoon
|
0-0: Ball 1-0: Sac Bunt to 15 - play at first, batter OUT! 1-4 Corey Ottinger to third Malik Brookshire to second
|
|
Batting: RHB Jose Vasquez
|
0-0: DOUBLE (Groundball, 5L, EV 106.9 MPH) Corey Ottinger scores Malik Brookshire scores
|
|
Batting: SHB Floyd-William Goof
|
0-0: Intentional Walk
|
|
Batting: RHB Steve Jordan
|
0-0: Ball 1-0: Ball 2-0: Foul Ball, location: 2F 2-1: Swinging Strike 2-2: Ball 3-2: SINGLE (Groundball, 4MD, EV 100.6 MPH) Jose Vasquez to third Floyd-William Goof to second Runner from 3rd tries for Home, SAFE, throw by CF to home
|
|
Batting: SHB Robbie Rogers
|
0-0: Fly out, F5 (Line Drive, 5L, EV 73.1 MPH)
|
|
Batting: RHB Tony Vargas
|
0-0: Called Strike 0-1: Ball 1-1: Ball 2-1: DOUBLE (Line Drive, 78D, EV 105.0 MPH) Floyd-William Goof scores Steve Jordan to third Runner from 3rd tries for Home, SAFE, throw by LF to home
|
|
Pitching: RHP Jon Mercado
|
|
|
Batting: RHB Harutomi Matsubara
|
0-0: Ball 1-0: Called Strike 1-1: Ball 2-1: Called Strike 2-2: Strikes out swinging
|
| Top of the 9th over - 5 runs, 3 hits, 0 errors, 1 left on base; Seattle 8 - Boston 3 |
| BOTTOM OF THE 9TH |
|
Boston Red Sox batting - Pitching for Seattle Mariners : LHP Lance Crumpton
|
|
Batting: RHB Nick Esteves
|
0-0: Called Strike 0-1: Foul Ball, location: 2F 0-2: Strikes out looking
|
|
Batting: RHB Roberto Morales
|
0-0: Called Strike 0-1: Called Strike 0-2: Strikes out swinging
|
|
Batting: SHB Greg Shaw
|
0-0: SINGLE (Line Drive, 7LS, EV 110.6 MPH)
|
|
Pitching: RHP Omar Colunga
|
|
|
Batting: RHB Josh Froyd
|
0-0: Ball 1-0: DOUBLE (Line Drive, 9LM, EV 103.1 MPH) Greg Shaw to third
|
|
Batting: RHB Alois Wollf
|
0-0: Called Strike 0-1: SINGLE (Line Drive, 9S, EV 111.9 MPH) Greg Shaw scores Josh Froyd to third
|
|
Batting: RHB Joe Sandoval
|
0-0: Called Strike 0-1: Ball 1-1: Ball Passed Ball! Josh Froyd scores Alois Wollf to second 2-1: SINGLE (Groundball, 4D, EV 96.9 MPH) Alois Wollf to third
|
|
Batting: LHB Kevin McCormic Jr.
|
0-0: Called Strike 0-1: Swinging Strike 0-2: Ball 1-2: Foul Ball, location: 2F 1-2: Ball 2-2: Ball 3-2: Strikes out looking
|
| Bottom of the 9th over - 2 runs, 4 hits, 0 errors, 2 left on base; Seattle 8 - Boston 5 |
|